 Dungeon Crawl Stone Soup version 0.28-a0-1504-g839a4452db (webtiles) character file.

Game seed: 11330311309582867288

239 Cheeritup the Skirmisher (level 5, 0/69 HPs)
             Began as a Palentonga Fighter on Jan 13, 2022.
             Succumbed to an orc wizard's poison
             ... on level 4 of the Dungeon.
             The game lasted 00:06:55 (3434 turns).

Cheeritup the Skirmisher (Palentonga Fighter)       Turns: 3434, Time: 00:06:56

Health: 0/69       AC: 13    Str: 17    XL:     5   Next: 79%
Magic:  5/5        EV: 23    Int:  9    God:
Gold:   82         SH:  5    Dex: 11    Spells: 3/4 levels left

rFire   . . .      SeeInvis +   a - +0 war axe
rCold   . . .      Faith    .   c - +1 buckler
rNeg    . . .      Spirit   .   f - +0 ring mail
rPois   .          Reflect  .   (no helmet)
rElec   .          Harm     .   n - +0 cloak
rCorr   .          Rampage  .   (no gloves)
Will    .....                   (no barding)
Stlth   ..........              h - amulet of the acrobat
HPRegen 0.21/turn               j - +4 ring of protection
MPRegen 0.09/turn               (no ring)

@: berserking, lethally poisoned (0 -> -1), acrobatic, very quick
A: large, rugged brown scales 3, see invisible, deformed body, roll 1, armoured
tail, iridescent scales 1, weak 1, MP-powered wands
a: Rolling Charge


You were on level 4 of the Dungeon.
You visited 1 branch of the dungeon, and saw 4 of its levels.

You collected 82 gold pieces.

Inventory:

Hand Weapons
 a - a +0 war axe (weapon)
Armour
 b - a +0 scale mail
 c - a +1 buckler (worn)
 f - a +0 ring mail (worn)
 n - a +0 cloak (worn)
Jewellery
 h - an amulet of the acrobat (around neck)
 j - a +4 ring of protection (left hand)
Scrolls
 e - a scroll of teleportation
 g - 2 scrolls of fog
 m - a scroll of holy word {unknown}
 o - a scroll of fear
Potions
 d - 2 potions of might
 i - a potion of lignification


   Skills:
 + Level 4.8 Fighting
 + Level 4.2 Axes
 - Level 2.4 Armour
 - Level 2.4 Shields
 - Level 2.0 Necromancy


You had 3 spell levels left.
You knew the following spells:

 Your Spells              Type           Power      Damage    Failure   Level
a - Animate Skeleton      Necr           6%         N/A       38%         1

Your spell library contained the following spells:

 Spells                   Type           Power      Damage    Failure   Level
 Freeze                   Ice            0%         1d3       67%         1
 Sting                    Tmut/Pois      0%         1d3       67%         1
 Chain Lightning          Conj/Air       0%         N/A       100%        9
 Fire Storm               Conj/Fire      0%         5d1       100%        9
 Shatter                  Erth           0%         3d5*      100%        9


Dungeon Overview and Level Annotations

Branches:
Dungeon (4/15)
 Temple: D:4-7

Altars:
Sif Muna

Shops:
D:2 *

Annotations:
D:4 1 runed translucent door, ChronoRanger's ghost, amateur MiFi


Innate Abilities, Weirdness & Mutations

You are completely covered in rugged brown scales. (AC +3, +7% HP)
You have supernaturally acute eyesight. (SInv)
Armour fits poorly on your strangely shaped body.
You can roll at nearby foes to attack.
You have a long armoured tail.
You are partially covered in iridescent scales. (AC +2)
You are weak. (Str -2)
You expend magic power (3 MP) to strengthen your wands.


Message History

The puff of flame misses you.
You slash the orc wizard!
You kill the orc wizard!
* * * LOW HITPOINT WARNING * * *
You feel very sick.
It was a potion of lignification.
You turn into a tree.
Your +0 cloak melds into your body.
Your +0 ring mail melds into your body.
Your roots penetrate the ground.
* * * LOW HITPOINT WARNING * * *
You feel sick.
It was a potion of brilliance.
You feel clever all of a sudden.
* * * LOW HITPOINT WARNING * * *
You feel sick.
It was a potion of cancellation.
Your magical effects are unravelling.
You feel magically purged.
You feel less wooden.
Your +0 cloak unmelds from your body.
Your +0 ring mail unmelds from your body.
You feel a little less clever now.
* * * LOW HITPOINT WARNING * * *
You feel sick.
It was a potion of mutation.
You feel extremely strange.
You feel weaker.
Iridescent scales grow over part of your body.
You feel your magical essence link to the dungeon's wands.
* * * LOW HITPOINT WARNING * * *
You feel sick.
* * * LOW HITPOINT WARNING * * *
You feel sick.
Things that are here:
a +1 dagger of venom; a +0 robe; an orc corpse It was a potion of berserk rage.
A red film seems to cover your vision as you go berserk!
You feel yourself moving faster!
You feel mighty!
* * * LOW HITPOINT WARNING * * *
You feel sick.
You feel a strong urge to attack something.
You die...

..# #.# #####.#
..##.# # #.##.#
#.##.##.#
#...@)..######
.#######)#.......#
......).....####.#
.######))#..####.#
..#.≈.
#.......##.#
_.#.≈.
#.##..#.##.# ...≈.
#.##>......#
####.≈^##
#.....#.####
.....≈..#
#.#####.#


There were no monsters in sight!

Vanquished Creatures
  A bullfrog zombie (D:3)
  Crazy Yiuf (D:2)
  An iguana (D:4)
  An orc wizard (D:4)
  Terence (D:2)
  4 adders
  An adder skeleton (D:2)
  A worm (D:2)
  A dart slug (D:1)
  10 orcs
  8 ball pythons
  A bat (D:3)
  A bat skeleton (D:2)
  A bat zombie (D:2)
  5 endoplasms
  A giant cockroach (D:1)
  A goblin (D:4)
  8 hobgoblins
  2 ball python zombies (D:2)
  3 kobolds
  3 rats
56 creatures vanquished.

Vanquished Creatures (others)
  22 plants (D:3)
22 creatures vanquished.

Grand Total: 78 creatures vanquished

Notes
Turn   | Place    | Note
-------+----------+-------------------------------------------
     0 | D:1      | Cheeritup the Palentonga Fighter began the quest for the
                  | Orb.
     0 | D:1      | Reached XP level 1. HP: 19/19 MP: 1/1
   333 | D:1      | Reached XP level 2. HP: 20/25 MP: 2/2
   926 | D:2      | Noticed Terence
   931 | D:2      | Killed Terence
   932 | D:2      | Reached XP level 3. HP: 20/32 MP: 3/3
  1123 | D:2      | Found Guqu's General Store.
  1130 | D:2      | Got An Introduction to Witchery
  1133 | D:2      | Learned a level 1 spell: Animate Skeleton
  1257 | D:2      | Found a runed translucent door.
  1258 | D:2      | Noticed Crazy Yiuf
  1466 | D:2      | Reached XP level 4. HP: 35/39 MP: 4/4
  1697 | D:2      | Paralysed by Crazy Yiuf for 2 turns
  1708 | D:2      | Killed Crazy Yiuf
  1709 | D:2      | Reached skill level 1 in Necromancy
  2127 | D:3      | Found a faded altar of an unknown god.
  2889 | D:3      | Reached XP level 5. HP: 46/46 MP: 5/5
  3262 | D:4      | Found a runed translucent door.
  3292 | D:4      | Noticed ChronoRanger's ghost (amateur MiFi)
  3386 | D:4      | Found a shimmering blue altar of Sif Muna.
  3430 | D:4      | HP: 2/46 [poisoned by an orc wizard]
  3431 | D:4      | Gained mutation: You are weak. (Str -2) [potion of
                  | mutation]
  3431 | D:4      | Gained mutation: You are partially covered in iridescent
                  | scales. (AC +2) [potion of mutation]
  3431 | D:4      | Gained mutation: You expend magic power (3 MP) to
                  | strengthen your wands. [potion of mutation]
  3434 | D:4      | Succumbed to an orc wizard's poison

Illustrated notes

Levels and vault maps discovered:
D:1:      lemuel_arrival_muddy, layout_loops_ring, minmay_misc_feat_rugged,
          minmay_curled_crystal, dk_noncrumbling_4
D:2:      layout_loops_cross, serial_undead, serial_undead_b, serial_undead_b,
          serial_undead_f, serial_undead_d, serial_undead_e, serial_undead_a,
          serial_shops, nicolae_shop_trees, uniq_terence,
          uniq_crazy_yiuf_cottage
D:3:      layout_basic, dreamdust_ecumenical_altar_angels_and_demons,
          guppyfry_early_lair_pool
D:4:      layout_loops_cross, mainiacjoe_overflow_brackets,
          overflow_temple_1_default, ebering_ghost_inner_flame,
          minmay_misc_feat_square

Skill      XL: |  1  2  3  4  5 |
---------------+----------------+-----
Axes           | 3 4 |  4.2
Fighting       | 4 |  4.8
Necromancy     | 1 2 |  2.0
Armour         | |  2.4
Shields        | |  2.4

Action                   |  1- 3 |  4- 6 || total
-------------------------+-------+-------++-------
Melee: War axe           |    69 |    81 ||   150
       Tailslap          |     8 |     8 ||    16
 Abil: Rolling Charge    |    20 |    20 ||    40
  Use: Potion            |       |     5 ||     5
       Scroll            |       |     4 ||     4
Armor: Ring mail         |    26 |    39 ||    65
Dodge: Dodged            |    25 |    39 ||    64
Block: Buckler           |    12 |    24 ||    36

Table legend: (Time is in decaauts)
 A = Elapsed time spent in this place.
 B = Non-inter-level travel time spent in this place.
 C = Inter-level travel time spent in this place.
 D = Time resting spent in this place.
 E = Time spent auto-exploring this place.
 F = Levels seen in this place.
 G = Mean time per level.
                   A        B        C        D        E       F      G
               +--------+--------+--------+--------+--------+-----+--------+
         Total |   3496 |   3362 |    134 |    240 |   2713 |   4 |  874.0 |
       Dungeon |   3496 |   3362 |    134 |    240 |   2713 |   4 |  874.0 |
               +--------+--------+--------+--------+--------+-----+--------+

Top non-repeatable levels by time:
     D:3: 1142 daAuts
     D:2: 1106 daAuts
     D:1: 946 daAuts
     D:4: 300 daAuts
